 Dungeon Crawl Stone Soup version 0.27-a0-1147-gb3d8e82157 (webtiles) character file.

Game seed: 6814191134947624206

135335 wakim the Thaumaturge (level 17, -1/123 HPs)
             Began as a Djinni Fire Elementalist on May 10, 2021.
             Was the Champion of Zin.
             Killed by the air
             ... invoked by a wind drake
              (23 damage)
             ... on level 4 of the Shoals on May 11, 2021.
             The game lasted 02:47:11 (29504 turns).

wakim the Thaumaturge (Djinni Fire Elementalist)   Turns: 29504, Time: 02:47:12

Health: -1/123     AC: 23    Str: 12    XL:     17   Next: 19%
Gold:   2346       EV: 10    Int: 32    God:    Zin [******] SH: 14 Dex: 15

rFire    + + +     SeeInvis .   h - +2 falchion "Uniske Mull" {holy, rF+ rC+ Str+3}
rCold    + + .     Faith    .   j - +2 shield of Resistance {rF++ rC++ Will++}
rNeg     . . .     Spirit   .   K - +0 storm dragon scales
rPois    ∞         Reflect  .   i - +2 hat {Will+}
rElec    +         Harm     .   p - scarf {repulsion}
rCorr    +         Rampage  +   L - +0 pair of gloves
Will     ++++.                  (boots unavailable)
Stlth    ..........             B - amulet of Generosity {Rampage Fragile rElec Regen+ Int+5}
HPRegen  1.30/turn              z - +6 ring of intelligence
MPRegen  0.00/turn              o - ring of Hokifi {rCorr AC+4}

@: spiked, flying, studying Armour, repel missiles
A: sickness immunity, fire resistance 2, cold vulnerability 1, float, innate
caster, hp casting, extra vitality 1
a: Renounce Religion, Recite, Vitalisation, Imprison, Sanctuary, Donate Gold


You were on level 4 of the Shoals.
You worshipped Zin.
Zin was exalted by your worship.
You visited 5 branches of the dungeon, and saw 28 of its levels.
You also visited: Sewer and Ossuary.

You collected 2711 gold pieces.
You spent 200 gold pieces at shops.
You donated 165 gold pieces to Zin.

Inventory:

Hand Weapons
 a - the +8 hand axe "Itroukim" {freeze, rElec Int+5}
   (You found it on level 1 of the Shoals)

   It has been specially enchanted to freeze those struck by it, causing extra
   injury to most foes and up to half again as much damage against particularly
   susceptible opponents.
   It can also slow down cold-blooded creatures.
   It affects your intelligence (+5).
   It insulates you from electricity.
 b - the +3 dagger "Sasam" {protect, Int+3 SInv Stlth-}
   (You found it on level 6 of the Lair of Beasts)

   It grants its wielder temporary protection when it strikes (+7 to AC).
   It affects your intelligence (+3).
   It lets you see invisible.
   It makes you less stealthy.
 h - the +2 falchion "Uniske Mull" (weapon) {holy, rF+ rC+ Str+3}
   (You bought it in a shop on level 2 of the Orcish Mines)

   It has been blessed by the Shining One to cause great damage to the undead
   and demons.
   It affects your strength (+3).
   It protects you from fire.
   It protects you from cold.
 C - a +6 whip of freezing
Missiles
 c - 8 curare-tipped darts {=f}
 d - 4 throwing nets {=f!f}
Armour
 i - a +2 hat of willpower (worn)
 j - the +2 shield of Resistance (worn) {rF++ rC++ Will++}
   (You found it on level 14 of the Dungeon)

   It greatly protects you from fire.
   It greatly protects you from cold.
   It greatly increases your willpower.
 l - the +9 scales of the Dragon King {rPois rF+ rC+ Will+}
   (You found it on level 6 of the Dungeon)

   It protects you from fire.
   It protects you from cold.
   It protects you from poison.
   It increases your willpower.
 p - a scarf of repulsion (worn)
 K - +0 storm dragon scales (worn)
 L - a +0 pair of gloves (worn)
Jewellery
 e - a ring of see invisible
 k - a ring of willpower
 n - the ring of Dielara {rPois rC++ Stlth+}
   (You found it on level 15 of the Dungeon)

   [ring of poison resistance]

   It greatly protects you from cold.
   It protects you from poison.
   It makes you more stealthy.
 o - the ring of Hokifi (right hand) {rCorr AC+4}
   (You found it on level 5 of the Dungeon)

   [ring of protection]

   It affects your AC (+4).
   It protects you from acid and corrosion.
 q - a ring of willpower
 z - a +6 ring of intelligence (left hand)
 B - the amulet of Generosity (around neck) {Rampage Fragile rElec Regen+ Int+5}
   (You acquired it on level 1 of the Dungeon)

   [amulet of regeneration]

   It affects your intelligence (+5).
   It insulates you from electricity.
   It increases your rate of health regeneration.
   It will be destroyed if unequipped.
   It bestows one free step when moving towards enemies.
 G - a ring of wizardry
Wands
 f - a wand of iceblast (56)
 t - a wand of digging (14)
 u - a wand of mindburst (22)
 v - a wand of flame (60)
 w - a wand of acid (7)
 x - a wand of charming (10)
 y - a wand of paralysis (6)
Scrolls
 g - 7 scrolls of enchant weapon
 r - 6 scrolls of identify
 s - 2 scrolls of enchant armour
 Q - 8 scrolls of immolation {!r!r}
 R - 7 scrolls of magic mapping {!r}
 T - 6 scrolls of teleportation
 U - 3 scrolls of fear
 X - a scroll of fog
 Y - a scroll of blinking {!r}
Potions
 A - 5 potions of ambrosia
 D - 2 potions of brilliance
 E - 2 potions of cancellation
 F - 8 potions of curing
 H - 7 potions of haste
 I - 3 potions of invisibility
 J - 4 potions of heal wounds
 M - 5 potions of mutation
 N - 5 potions of might
 O - a potion of resistance


   Skills:
 + Level 12.0 Fighting
 + Level 12.6 Armour
 - Level 12.0 Dodging
 - Level 3.0 Stealth
 * Level 13.0 Shields
 * Level 14.2 Spellcasting
 + Level 11.1 Invocations


You couldn't memorise any spells.
You knew the following spells:

 Your Spells              Type           Power      Damage    Failure   Level
a - Foxfire               Conj/Fire      100%       2x1d9     1%          1
b - Inner Flame           Hex/Fire       85%        N/A       1%          3
c - Freeze                Ice            100%       1d11      1%          1
d - Conjure Flame         Conj/Fire      85%        6-21      1%          3
e - Summon Guardian Gole  Hex/Summ       85%        N/A       1%          3
f - Stone Arrow           Conj/Erth      100%       3d13      1%          3
g - Iskenderun's Mystic   Conj/Tloc      85%        2d17      1%          4
h - Agony                 Necr           85%        N/A       3%          5
i - Iron Shot             Conj/Erth      42%        9d8       19%         6
j - Eringya's Noxious Bo  Tmut/Pois      42%        N/A       19%         6
q - Sticky Flame          Conj/Fire      85%        2d10      1%          4
s - Searing Ray           Conj           100%       3d7       1%          2
x - Fireball              Conj/Fire      42%        3d17      3%          5
Your spell library was empty.

Dungeon Overview and Level Annotations

Branches:
Dungeon (15/15)            Temple (1/1) D:5            Lair (6/6) D:11
 Shoals (4/4) Lair:3       Spider (0/4) Lair:2        Slime (0/5) Lair:6
    Orc (2/2) D:11            Elf (0/3) Orc:2        Vaults (0/5) D:14
 Depths (0/5) D:15          Sewer (visited)         Ossuary (visited)

Altars:
Ashenzari
Cheibriados
Dithmenos
Elyvilon
Fedhas
Gozag
Hepliaklqana
Kikubaaqudgha
Makhleb
Nemelex Xobeh
Okawaru
Qazlal
Ru
Sif Muna
Trog
Uskayaw
Vehumet
Wu Jian
Xom
Yredelemnul
Zin
The Shining One
Beogh
Jiyva

Shops:
D:3 [   Orc:1 !   Orc:2 ([=((:   Shoals:1 !   Shoals:2 =

Annotations:
D:14 1 runed translucent door


Innate Abilities, Weirdness & Mutations

You are immune to sickness and miasma.
You are immune to poison.
Your flesh is very heat resistant. (rF++)
You are vulnerable to cold. (rC-)
You float through the air rather than walking.
You learn spells naturally, not from books.
Your magical power is your life essence.
You have superior vitality. (+4 HP)


Message History

The javelin is repelled.
You block the wind drake's attack.
The barbed spikes dig painfully into your body as you move.
* * * LOW HITPOINT WARNING * * *
The merfolk javelineer throws a javelin.
The javelin pierces through you!!
* * * LOW HITPOINT WARNING * * *
The wind drake flaps its wings at you. The air twists around and strikes you.
There is a stone staircase leading up here.
The wind drake flaps its wings at you. The air twists around and strikes you.
* * * LOW HITPOINT WARNING * * *
The wind drake exhales a fierce blast of wind!
You stop ascending the stairs.
You are blown backwards!
The barbed spikes dig painfully into your body as you move.
* * * LOW HITPOINT WARNING * * *
The merfolk javelineer throws a javelin.
The javelin pierces through you but does no damage.
As you read the scroll of teleportation, it crumbles to dust.
You feel strangely unstable.
The merfolk javelineer throws a javelin.
The javelin pierces through you!
* * * LOW HITPOINT WARNING * * *
You feel much better.
The merfolk javelineer throws a javelin.
The javelin pierces through you!
* * * LOW HITPOINT WARNING * * *
The barbed spikes dig painfully into your body as you move.
* * * LOW HITPOINT WARNING * * *
Your surroundings suddenly seem different.
A merfolk comes into view. It is wielding a +0 trident.
The merfolk shouts!
A sea snake comes into view.
The sea snake hisses angrily.
A wind drake comes into view.
The wind drake hisses angrily.
A harpy comes into view.
A sea snake comes into view.
The wind drake flaps its wings at you. The air twists around and strikes you!!
You die...

.≈≈≈≈≈≈≈≈≈≈≈≈≈≈
..≈≈≈≈≈≈≈≈≈≈≈≈≈
...≈≈≈≈≈≈≈≈≈≈≈≈
S...m≈≈≈≈≈≈≈≈≈≈
....≈≈≈≈≈≈≈≈≈≈≈
....≈≈≈≈≈≈≈≈≈≈≈
.....)≈≈≈≈≈≈≈≈#
.....≈≈@≈≈H≈≈≈#
....≈≈≈≈≈≈≈≈###
...≈≈≈≈≈≈≈≈≈≈#
.$≈≈≈≈≈S≈≈≈≈##
≈≈≈≈≈≈≈≈≈≈≈≈#
≈≈≈≈≈≈≈≈≈≈≈≈#
≈≈≈≈≈≈≈≈≈≈≈≈≈
≈≈≈≈≈≈≈≈≈≈≈k≈#


You could see 2 sea snakes, a wind drake (repels missiles), a merfolk and a
harpy.

Vanquished Creatures
  Polyphemus (Shoals:3)
  Gastronok (Lair:2)
  Nessos (D:14)
  4 fire dragons
  An ettin (Orc:2)
  2 merfolk impalers
  Fannar (Lair:2)
  3 ice dragons
  4 boulder beetles
  A vault guard (D:14)
  2 merfolk avatars
  8 hydras
  An ogre mage (D:15)
  2 catoblepae
  5 centaur warriors
  2 tengu warriors
  9 two-headed ogres
  A satyr (Shoals:2)
  3 death yaks
  4 orc high priests (Orc:2)
  Urug (D:13)
  10 sea snakes
  A wizard (D:14)
  3 necromancers (D:14)
  9 harpies
  8 orc knights
  A deep elf archer (D:14)
  An orb spider (Lair:2)
  14 fauns (Shoals:2)
  7 manticores
  An oklob plant (D:11)
  6 orc sorcerers
  7 cyclopes
  8 ugly things
  13 merfolk sirens
  12 elephants
  4 black mambas
  Joseph (Lair:1)
  15 cane toads
  2 water nymphs
  An efreet (D:15)
  3 rime drakes
  2 unseen horrors (D:11)
  A kobold demonologist (D:10)
  7 yaktaurs (D:15)
  16 komodo dragons
  A tengu conjurer (D:15)
  8 merfolk
  3 wind drakes
  8 trolls
  6 polar bears
  A merfolk (shapeshifter) (D:13)
  2 polar bears (shapeshifter)
  9 slime creatures
  5 hornets
  6 snapping turtles
  Prince Ribbit (D:8)
  14 blink frogs
  6 dream sheep
  14 spriggans (Lair:6)
  2 shadows (D:11)
  A tarantella (shapeshifter) (D:13)
  A centaur simulacrum (D:14)
  2 wyverns
  A water elemental (Shoals:3)
  A basilisk (Lair:3)
  31 yaks
  2 fire bats (D:6)
  19 humans (D:14)
  2 steam dragons
  A vampire (D:12)
  9 vampire mosquitoes
  4 wargs (Orc:2)
  17 water moccasins
  A floating eye (shapeshifter) (D:13)
  Duvessa (D:4)
  5 black bears
  24 orc warriors
  A hornet zombie (D:6)
  38 wolves
  A necrophage (D:6)
  8 ogres
  4 boggarts (Lair:6)
  14 centaurs
  A phantom (D:4)
  4 kobold brigands
  An elf zombie (Ossuary)
  A gnoll sergeant (Orc:2)
  3 scorpions
  21 bullfrogs
  A water moccasin zombie (D:6)
  Dowan (D:4)
  6 killer bees (D:11)
  4 electric eels
  3 howler monkeys (D:7)
  6 centaur zombies
  11 orc priests
  2 centaur skeletons
  A gnoll shaman (D:7)
  3 jellies
  Crazy Yiuf (D:5)
  4 iguanas
  Ijyb (D:5)
  20 orc wizards
  3 ogre zombies (Ossuary)
  2 hound skeletons (D:4)
  7 mummies (Ossuary)
  21 gnolls
  5 adders
  A howler monkey skeleton (D:5)
  2 shadow imps
  A white imp (D:6)
  3 adder zombies (Ossuary)
  4 worms (D:3)
  A dart slug (D:3)
  51 orcs
  13 ball pythons
  10 endoplasms
  6 giant cockroaches
  A gnoll zombie (Ossuary)
  6 goblins
  10 hobgoblins
  15 jackals
  6 quokkas
  3 bats
  8 frilled lizards
  3 goblin zombies (Ossuary)
  4 hobgoblin zombies (Ossuary)
  54 kobolds
  5 kobold zombies (Ossuary)
  4 quokka zombies (Ossuary)
  6 rats (D:3)
  4 rat zombies (Ossuary)
838 creatures vanquished.

Vanquished Creatures (collateral kills)
  A foxfire (Shoals:3)
1 creature vanquished.

Vanquished Creatures (others)
  An orc (D:9)
  454 foxfires
  42 fungi
  110 plants
  2 tentacles (Shoals:4)
609 creatures vanquished.

Grand Total: 1448 creatures vanquished

Notes
Turn   | Place    | Note
-------+----------+-------------------------------------------
     0 | D:1      | wakim the Djinni Fire Elementalist began the quest for the
                  | Orb.
     0 | D:1      | Reached XP level 1. HP: 15/15 MP: 0/0
    20 | D:1      | Found a faded altar of an unknown god.
    28 | D:1      | Became a worshipper of Zin the Law-Giver
    28 | D:1      | Reached * piety under Zin
   397 | D:1      | Identified a scroll of acquirement
   397 | D:1      | Acquired the amulet of Generosity {Rampage Fragile rElec
                  | Regen+ Int+5}
   816 | D:1      | Reached XP level 2. HP: 22/22 MP: 0/0
  1009 | D:1      | Reached skill level 3 in Spellcasting
  1114 | D:2      | Reached skill level 1 in Fighting
  1114 | D:2      | Reached XP level 3. HP: 14/27 MP: 0/0
  1114 | D:2      | Learned a level 1 spell: Freeze
  1153 | D:2      | Reached ** piety under Zin
  1160 | D:2      | You are sucked into a shaft and drop 2 floors!
  1196 | D:4      | Reached XP level 4. HP: 31/32 MP: 0/0
  1215 | D:4      | Noticed a kobold brigand
  1231 | D:4      | Killed a kobold brigand
  1232 | D:4      | Reached XP level 5. HP: 23/38 MP: 0/0
  1232 | D:4      | Learned a level 2 spell: Searing Ray
  1320 | D:4      | Reached skill level 4 in Spellcasting
  1402 | D:4      | Reached XP level 6. HP: 37/43 MP: 0/0
  1478 | D:4      | Found a sand-covered staircase.
  1489 | Ossuary  | Entered an ossuary
  1691 | Ossuary  | Reached *** piety under Zin
  1922 | Ossuary  | Reached XP level 7. HP: 29/49 MP: 0/0
  1922 | Ossuary  | Learned a level 3 spell: Summon Guardian Golem
  2178 | Ossuary  | Acquired a scarf of repulsion
  2218 | D:4      | Noticed Dowan
  2253 | D:4      | Reached skill level 5 in Spellcasting
  2315 | D:4      | Noticed Duvessa
  2320 | D:4      | Killed Dowan
  2323 | D:4      | Killed Duvessa
  2445 | D:4      | Reached **** piety under Zin
  2696 | D:4      | Reached XP level 8. HP: 55/58 MP: 0/0
  2702 | D:4      | Reached skill level 5 in Dodging
  3406 | D:3      | Found a glowing drain.
  3413 | Sewer    | Entered a sewer
  3503 | Sewer    | Reached skill level 6 in Spellcasting
  3750 | D:3      | Noticed a moth of wrath
  3753 | D:3      | Found a bloodstained altar of Trog.
  3868 | D:3      | Found Hiumin's Antique Armour Shop.
  4470 | D:3      | Reached ***** piety under Zin
  5400 | D:5      | Entered Level 5 of the Dungeon
  5499 | D:5      | Identified the +3 chain mail of Trumpets {rElec SInv}
  5525 | D:5      | Reached skill level 1 in Invocations
  5526 | D:5      | Noticed Ijyb
  5534 | D:5      | Killed Ijyb
  5553 | D:5      | Identified the ring of Hokifi {rCorr AC+4}
  5606 | D:5      | Found a runed translucent door.
  5607 | D:5      | Noticed Crazy Yiuf
  5612 | D:5      | Killed Crazy Yiuf
  5819 | D:5      | Found a staircase to the Ecumenical Temple.
  6190 | D:5      | Reached skill level 5 in Fighting
  6274 | Temple   | Entered the Ecumenical Temple
  7017 | D:6      | Found a transporter.
  7037 | D:6      | Reached XP level 9. HP: 65/65 MP: 0/0
  7037 | D:6      | Learned a level 3 spell: Stone Arrow
  7082 | D:6      | Reached skill level 7 in Spellcasting
  8098 | D:6      | Found a transporter.
  8112 | D:6      | Found the +9 scales of the Dragon King {rPois rF+ rC+
                  | Will+}
  8442 | D:7      | Noticed a hornet
  8447 | D:7      | Killed a hornet
  8512 | D:7      | Reached skill level 1 in Armour
  9089 | D:7      | Reached skill level 8 in Spellcasting
  9210 | D:8      | Reached XP level 10. HP: 72/72 MP: 0/0
  9322 | D:8      | Noticed Prince Ribbit
  9335 | D:8      | Killed Prince Ribbit
  9761 | D:9      | Reached ****** piety under Zin
 10002 | D:10     | Entered Level 10 of the Dungeon
 10039 | D:10     | Noticed a two-headed ogre
 10076 | D:10     | Killed a two-headed ogre
 10077 | D:10     | Reached skill level 5 in Invocations
 10080 | D:10     | Noticed a kobold demonologist
 10083 | D:10     | Killed a kobold demonologist
 10084 | D:10     | Reached skill level 9 in Spellcasting
 10188 | D:10     | Reached XP level 11. HP: 60/79 MP: 0/0
 10188 | D:10     | Learned a level 4 spell: Iskenderun's Mystic Blast
 10203 | D:10     | Noticed a two-headed ogre
 10211 | D:10     | Killed a two-headed ogre
 10372 | D:10     | Noticed a two-headed ogre
 10378 | D:10     | Killed a two-headed ogre
 10390 | D:10     | Noticed a five-headed hydra
 10394 | D:10     | Killed a five-headed hydra
 10939 | D:11     | Reached skill level 5 in Armour
 10939 | D:11     | Reached skill level 1 in Shields
 10977 | D:11     | Found a staircase to the Orcish Mines.
 11039 | D:11     | Noticed a cyclops
 11059 | D:11     | Killed a cyclops
 11115 | D:11     | Found a staircase to the Lair.
 11120 | D:11     | Reached skill level 10 in Spellcasting
 11125 | D:11     | Noticed an oklob plant
 11227 | D:11     | Killed an oklob plant
 11922 | D:11     | Reached XP level 12. HP: 76/86 MP: 0/0
 12272 | D:12     | Noticed a two-headed ogre
 12276 | D:12     | Noticed an eight-headed hydra
 12277 | D:12     | Killed a two-headed ogre
 12293 | D:11     | Killed an eight-headed hydra
 12443 | D:12     | Reached skill level 5 in Shields
 12502 | D:12     | Noticed a two-headed ogre
 12508 | D:12     | Killed a two-headed ogre
 12873 | D:13     | Noticed a centaur warrior
 12877 | D:13     | Killed a centaur warrior
 12919 | Lair:1   | Entered Level 1 of the Lair of Beasts
 12921 | Lair:1   | Noticed a six-headed hydra
 12931 | D:11     | Killed a six-headed hydra
 13204 | Lair:1   | Noticed Joseph
 13211 | Lair:1   | Reached skill level 10 in Dodging
 13216 | Lair:1   | Killed Joseph
 13254 | Lair:1   | Acquired a manual of Armour
 13647 | Lair:2   | Noticed Gastronok
 13658 | Lair:2   | Reached skill level 11 in Spellcasting
 13669 | Lair:2   | Killed Gastronok
 13670 | Lair:2   | Reached XP level 13. HP: 42/94 MP: 0/0
 13670 | Lair:2   | Learned a level 5 spell: Agony
 14072 | Lair:2   | Noticed Fannar
 14084 | Lair:2   | Killed Fannar
 14212 | Lair:2   | Found a hole to the Spider Nest.
 15751 | Lair:3   | Found a staircase to the Shoals.
 16017 | Lair:4   | Found a glowing golden altar of the Shining One.
 16472 | Lair:4   | Reached XP level 14. HP: 86/102 MP: 0/0
 17426 | Lair:5   | Reached skill level 12 in Spellcasting
 17737 | Lair:6   | Entered Level 6 of the Lair of Beasts
 17845 | Lair:6   | Reached skill level 10 in Fighting
 18078 | Lair:6   | Found a staircase to the Slime Pits.
 18079 | Lair:6   | Found a viscous altar of Jiyva.
 18596 | Lair:6   | Identified the +3 dagger "Sasam" {protect, Int+3 SInv
                  | Stlth-}
 19525 | D:13     | You are sucked into a shaft and drop 1 floor!
 19525 | D:14     | Noticed Nessos
 19530 | D:14     | Killed Nessos
 19553 | D:13     | Noticed Urug
 19612 | D:13     | Found a runed translucent door.
 19817 | D:13     | Reached skill level 10 in Shields
 19821 | D:13     | Killed Urug
 19936 | D:13     | Was placed under penance by Zin
 20296 | D:6      | Reached XP level 15. HP: 105/109 MP: 0/0
 20296 | D:6      | Learned a level 6 spell: Iron Shot
 20317 | D:6      | Was forgiven by Zin
 21384 | D:14     | Found a runed translucent door.
 21385 | D:14     | Found the +2 shield of Resistance {rF++ rC++ Will++}
 21387 | D:14     | Found a runed translucent door.
 21561 | D:14     | Reached skill level 10 in Armour
 21799 | D:14     | Found a gate to the Vaults.
 22189 | D:14     | Reached skill level 13 in Spellcasting
 22425 | D:15     | Entered Level 15 of the Dungeon
 23098 | D:15     | Reached skill level 10 in Invocations
 23532 | D:15     | Found a staircase to the Depths.
 23566 | D:15     | Identified the ring of Dielara {rPois rC++ Stlth+}
 24041 | Orc:1    | Entered Level 1 of the Orcish Mines
 24120 | Orc:2    | Entered Level 2 of the Orcish Mines
 24157 | Orc:2    | Reached XP level 16. HP: 108/116 MP: 0/0
 24295 | Orc:2    | Found a staircase to the Elven Halls.
 24456 | Orc:1    | Found Feekyut's Distillery.
 25152 | Orc:2    | Found Vomum's Armour Boutique.
 25391 | Orc:2    | Found Asiliq's Antique Weapon Shop.
 25790 | Orc:2    | Found Cuedoruf's Book Boutique.
 25790 | Orc:2    | Found Lanuab's Jewellery Boutique.
 25791 | Orc:2    | Found Qeil Uma's Weapon Shoppe.
 25791 | Orc:2    | Found Vuavochu's Antique Weapon Shoppe.
 25813 | Orc:2    | Bought a masterwork falchion for 200 gold pieces
 25813 | Orc:2    | Identified the +2 falchion "Uniske Mull" {holy, rF+ rC+
                  | Str+3} (You bought it in a shop on level 2 of the Orcish
                  | Mines)
 26183 | Shoals:1 | Entered Level 1 of the Shoals
 26373 | Shoals:1 | Found Leubbimp's Distillery.
 26425 | Shoals:1 | Identified the +8 hand axe "Itroukim" {freeze, rElec Int+5}
 27139 | Shoals:1 | Upgraded the game from 0.27-a0-1144-g0b7d3b79db to
                  | 0.27-a0-1147-gb3d8e82157
 27667 | Shoals:2 | Reached skill level 14 in Spellcasting
 27893 | Shoals:2 | Found Vopoff's Jewellery Boutique.
 28243 | Shoals:3 | Noticed Polyphemus
 28413 | Shoals:3 | Reached XP level 17. HP: 118/123 MP: 0/0
 28413 | Shoals:3 | Learned a level 6 spell: Eringya's Noxious Bog
 28593 | Shoals:3 | Killed Polyphemus
 29400 | Shoals:4 | Entered Level 4 of the Shoals
 29504 | Shoals:4 | Killed from afar by a wind drake

Illustrated notes

Levels and vault maps discovered:
D:1:      dpeg_arrival_tiny_i, layout_basic, hellmonk_ecumenical_altar_run_dry,
          st_stairs_7, corner_web_ring
D:2:      layout_rooms, palyth_stone_intersect
D:3:      layout_basic, tgw_trog, gup_sewer_entry_bubbles, serial_shops,
          nicolae_shop_overgrown_old_shop
D:4:      minmay_goblin_kobold_castle, layout_gridville, serial_glass,
          glass_columns_a, glass_columns_a, due_unseen_surprise,
          item_on_display_a, item_on_display_a, minmay_strange_pillars,
          nicolae_ossuary_entry_ruins, grunt_ministairs_13, uniq_duvessa
D:5:      layout_loops_ring, minmay_temple_entry_crystal_x, minmay_holes,
          minmay_misc_feat_secret_circle, eino_small_chamber_without_monster,
          uniq_ijyb, uniq_crazy_yiuf_cottage
D:6:      gammafunk_cloud_chamber, layout_layer_cave, kennysheep_generic_room_3
D:7:      layout_loops_cross, st_stairs_4
D:8:      layout_rooms, st_stairs_7, uniq_prince_ribbit1
D:9:      layout_rooms
D:10:     layout_loops_ring
D:11:     layout_basic, dpeg_oklobed_lair
D:12:     layout_rooms
D:13:     layout_long_grid, minmay_hidden_floor, uniq_urug
D:14:     layout_rooms, grunt_vaults_entry_tiered, nrook_mini_vaults,
          minmay_guarded_unrand_resistance, uniq_nessos
D:15:     grunt_enter_depths_hoard, layout_gridville, serial_bayou_pond_a
Temple:   nicolae_temple_the_god_donut
Lair:1:   layout_roguey, uniq_joseph
Lair:2:   layout_long_grid, nicolae_spider_entry_orb_guardian,
          grunt_megastairs_2, lemuel_fruit_fields, uniq_gastronok, uniq_fannar
Lair:3:   layout_chaotic_city, minmay_shoals_entry_hut, serial_bayou_pond_e
Lair:4:   layout_regular_city, basic_altar, grunt_forest_large_clearings
Lair:5:   layout_gridlike
Lair:6:   minmay_lair_end_enchanted_forest, layout_cave_pods, slime_altar_1,
          st_stairs_12, nicolae_quartered_pool_medium, grunt_megastairs_3,
          serial_bayou_shore_a
Shoals:1: layout_shoals, serial_shops, shop
Shoals:2: layout_shoals, serial_shops, nicolae_shop_stone
Shoals:3: layout_shoals, uniq_polyphemus
Shoals:4: shoals_end_grunt_ice, layout_shoals
Orc:1:    layout_caves, serial_shops, shop
Orc:2:    st_orc_elflike, layout_caves, serial_shops, shop,
          nicolae_shop_behind_doors, basic_altar

Skill      XL: |  1  2  3  4  5  6  7  8  9 10 11 12 13 14 15 16 17 |
---------------+----------------------------------------------------+-----
Spellcasting   | 3 4 5 6 8 9 10 11 12 13 14 | 14.2
Fighting       | 1 2 3 5 6 7 8 9 10 11 12 | 12.0
Stealth        | 2 3 |  3.0
Dodging        | 3 4 6 7 8 9 10 11 12 | 12.0
Invocations    | 2 3 5 6 7 8 9 10 11 | 11.1
Armour         | 1 3 5 7 9 10 12 | 12.6
Shields        | 3 6 8 10 11 12 13 | 13.0

Action                   |  1- 3 |  4- 6 |  7- 9 | 10-12 | 13-15 | 16-18 || total
-------------------------+-------+-------+-------+-------+-------+-------++-------
Melee: Whip              |    27 |     5 |     5 |     6 |     9 |     6 ||    58
       Dagger            |       |       |       |       |    16 |       ||    16
       Falchion          |       |       |       |       |       |    12 ||    12
 Cast: Foxfire           |    33 |    10 |    45 |    61 |    89 |    27 ||   265
       Inner Flame       |     2 |    17 |    69 |    76 |   225 |   119 ||   508
       Searing Ray       |       |    40 |   104 |    63 |   153 |    91 ||   451
       Sticky Flame      |       |       |     5 |     5 |    39 |    36 ||    85
       Fireball          |       |       |       |     5 |    66 |    40 ||   111
       Iskenderun's Myst |       |       |       |     5 |    91 |    31 ||   127
       Stone Arrow       |       |       |       |       |    23 |     2 ||    25
       Summon Guardian G |       |       |       |       |     1 |       ||     1
       Freeze            |       |       |       |       |    22 |       ||    22
       Iron Shot         |       |       |       |       |     1 |     7 ||     8
       Conjure Flame     |       |       |       |       |       |     1 ||     1
Invok: Recite            |       |       |       |     1 |       |     1 ||     2
       Vitalisation      |       |       |       |     1 |     6 |     1 ||     8
  Use: Scroll            |     3 |       |    11 |    11 |    10 |     1 ||    36
       Potion            |       |       |       |       |     1 |     1 ||     2
 Stab: Sleeping          |       |       |       |     1 |       |       ||     1
Armor: Robe              |     5 |     9 |     6 |       |       |       ||    20
       Steam dragon scal |       |       |     8 |    31 |    25 |       ||    64
       Storm dragon scal |       |       |       |       |    63 |   127 ||   190
       Ice dragon scales |       |       |       |       |     1 |       ||     1
Dodge: Dodged            |    38 |    25 |    65 |    72 |   154 |    91 ||   445
       Repelled          |       |       |       |       |     4 |     8 ||    12
Block: Tower shield      |       |       |       |    45 |       |       ||    45
       Buckler           |       |       |       |       |    58 |       ||    58
       Kite shield       |       |       |       |       |    45 |   203 ||   248
       Rpst.: Falchion   |       |       |       |       |       |     2 ||     2

Table legend: (Time is in decaauts)
 A = Elapsed time spent in this place.
 B = Non-inter-level travel time spent in this place.
 C = Inter-level travel time spent in this place.
 D = Time resting spent in this place.
 E = Time spent auto-exploring this place.
 F = Levels seen in this place.
 G = Mean time per level.
                   A        B        C        D        E       F      G
               +--------+--------+--------+--------+--------+-----+--------+
         Total |  29535 |  27936 |   1599 |   1133 |  20491 |  30 |  984.5 |
       Dungeon |  16166 |  15118 |   1048 |    462 |  11619 |  15 | 1077.7 |
        Temple |    625 |    599 |     26 |      0 |    598 |   1 |  625.0 |
          Lair |   6474 |   6210 |    264 |     29 |   4919 |   6 | 1079.0 |
        Shoals |   3323 |   3201 |    122 |    233 |   1976 |   4 |  830.8 |
  Orcish Mines |   2033 |   1895 |    138 |    369 |   1084 |   2 | 1016.5 |
         Sewer |    213 |    213 |      0 |      0 |    118 |   1 |  213.0 |
       Ossuary |    698 |    698 |      0 |     40 |    177 |   1 |  698.0 |
               +--------+--------+--------+--------+--------+-----+--------+

Top non-repeatable levels by time:
    D:11: 1616 daAuts
     D:6: 1573 daAuts
    D:13: 1525 daAuts
     D:4: 1499 daAuts
  Lair:6: 1479 daAuts
     D:3: 1459 daAuts
    D:15: 1455 daAuts
    D:14: 1419 daAuts
   Orc:2: 1340 daAuts
  Lair:2: 1304 daAuts
  Lair:4: 1146 daAuts
Shoals:2: 1145 daAuts
Shoals:3: 1134 daAuts
     D:1: 1101 daAuts
Shoals:1: 1018 daAuts
